[Event "Early-Titled-Tuesday-Blitz-March-12-2024"]
[Site "Chess.com"]
[Date "2024.03.12"]
[Round "1"]
[White "josephymwale33"]
[Black "bubeliang"]
[Result "1-0"]
[WhiteElo "2516"]
[BlackElo "2806"]
[TimeControl "180+1"]
[EndTime "8:07:16 PDT"]
[Termination "josephymwale33 won by checkmate"]

1. e4 c6 2. d4 d5 3. exd5 cxd5 4. c4 Nf6 5. Nc3 g6 6. Bg5 Bg7 7. Bxf6 Bxf6 8. cxd5 O-O 9. Nf3 a6 10. Bc4 b5 11. Bb3 Bb7 12. O-O Nd7 13. Re1 Nb6 14.
Qe2 Nxd5 15. Ne4 Bg7 16. Nc5 Bc6 17. Ne5 Bxe5 18. Qxe5 e6 19. Rac1 Re8 20. Ne4 f6 21. Nxf6+ Qxf6 22. Qxf6 Nxf6 23. Rxc6 Rad8 24. Rcxe6 Rxe6 25. Rxe6 Kg7 26. Rxa6 Rxd4 27. h3 Rd2 28. Rb6 Rxb2 29.
Rxb5 Rd2 30. a4 Ne4 31. Rb7+ Kh6 32. Bg8 Rd1+ 33. Kh2 Nxf2 34. Rxh7+ Kg5 35. h4+ Kf4 36. Rf7+ Ke3 37. Rf3+ Ke2 38. Bc4+ Ke1 39. Re3+ Kd2 40. Re2+ Kc3 41. Rxf2 Kxc4 42. Rf6 Rd4 43. Kh3 g5 44. hxg5 Kb4 45. g6 Rd8 46. Rf4+ Ka5 47. Kh4 Rh8+ 48. Kg5 Rh2 49. g4 Rd2 50. Kh6 Rd8 51. g7 Kb6 52. Kh7 Kb7 53. g8=Q Rd7+ 54. Rf7 Rc7 55. Rxc7+ Kb6 56.
Qe6+ Kxc7 57. g5 Kb7 58. g6 Kc7 59. g7 Kb7 60. g8=Q Kc7 61. Qgf7+ Kb8 62. Qee8# 1-0

[Event "Early-Titled-Tuesday-Blitz-March-12-2024"]
[Site "Chess.com"]
[Date "2024.03.12"]
[Round "1"]
[White "laziestwin"]
[Black "Polish_fighter3000"]
[Result "0-1"]
[WhiteElo "2569"]
[BlackElo "3123"]
[TimeControl "180+1"]
[EndTime "8:07:21 PDT"]
[Termination "Polish_fighter3000 won by resignation"]

1. d4 Nf6 2. c4 g6 3. g3 Bg7 4. Bg2 O-O 5. Nc3 Nc6 6. Nf3 d5 7.
cxd5 Nxd5 8. O-O e5 9. Nxd5 e4 10. e3 Qxd5 11. Nd2 f5 12. f3 exf3 13. Bxf3 Qb5 14. Qb3+ Qxb3 15. Nxb3 Re8 16. Bd2 Bh6 17. Kf2 Nd8 18. Rac1 c6 19. Na5 Nf7 20. h4 Nd6 21.
Nc4 Ne4+ 22. Bxe4 Rxe4 23. d5 Bd7 24. Nd6 Re5 25. Nxb7 Rxd5 26. Bc3 Re8 27. Rfe1 c5 28. Na5 Bb5 29. b3 Rd3 30. Rc2 Bxe3+ 31. Kg2 Kf7 32. Nc4 Bxc4 33. bxc4 Re4 34. Ba5 Bd4 35. Rce2 Ra3 36.
Rxe4 fxe4 37. Bc7 Rxa2+ 38. Kh3 e3 39. Bf4 e2 40. Kg4 Bc3 0-1

[Event "Early-Titled-Tuesday-Blitz-March-12-2024"]
[Site "Chess.com"]
[Date "2024.03.12"]
[Round "1"]
[White "Flaccidmoves"]
[Black "AlmasRakhmatullaev"]
[Result "0-1"]
[WhiteElo "2450"]
[BlackElo "2812"]
[TimeControl "180+1"]
[EndTime "8:07:21 PDT"]
[Termination "AlmasRakhmatullaev won by checkmate"]

1. c4 c6 2. d4 d5 3. cxd5 cxd5 4. Bg5 Nc6 5. Nc3 h6 6. Bh4 g5 7.
Bg3 Bg7 8. e3 Nf6 9. Bd3 a6 10. h4 g4 11. h5 b5 12. Nge2 Bb7 13.
Rc1 Qd7 14. Nf4 e5 15. dxe5 Nxe5 16. Bc2 O-O 17. Nce2 Rad8 18. Nd4 Ne4 19. Bh4 Rc8 20. O-O Rfe8 21. Bb1 Nc4 22. Re1 Nxb2 23. Qe2 Na4 24.
Bxe4 Rxe4 25. Rxc8+ Qxc8 26. f3 gxf3 27. gxf3 Rxf4 28.
exf4 Bxd4+ 29. Kg2 Bg7 30. Qe7 d4 31. f5 Nc5 32. f6 Qg4+ 33. Bg3 Qxf3+ 34. Kh3 Qxh5+ 35. Bh4 Qf3+ 36. Bg3 Qf5+ 37. Kh2 Qh5+ 38. Kg1 Qh1+ 39. Kf2 Qg2# 0-1

[Event "Early-Titled-Tuesday-Blitz-March-12-2024"]
[Site "Chess.com"]
[Date "2024.03.12"]
[Round "1"]
[White "ChessSwole"]
[Black "Valio_M1948"]
[Result "1-0"]
[WhiteElo "2732"]
[BlackElo "2400"]
[TimeControl "180+1"]
[EndTime "8:07:23 PDT"]
[Termination "ChessSwole won by resignation"]

1. e4 b6 2. d4 Bb7 3. Bd3 g6 4. Nf3 Bg7 5. O-O d6 6. Nbd2 Nd7 7. Re1 e6 8. c3 Ne7 9. Nf1 O-O 10. Ng3 c5 11. h4 cxd4 12. cxd4 Nc6 13. Be3 e5 14. d5 Nd4 15. h5 Nxf3+ 16. Qxf3 h6 17. hxg6 fxg6 18. Qg4 Kh7 19. Rac1 Rc8 20. Bb5 Nf6 21. Qe2 Rxc1 22. Rxc1 Qb8 23. Bc6 Rc8 24. b4 Bxc6 25. dxc6 b5 26. Qd3 a6 27. f3 Rc7 28.
Qxd6 Ne8 29. Qc5 Rf7 30. Qd5 Re7 31. a3 h5 32. Bg5 Nf6 33. Qc5 Rc7 34. Qd6 Ne8 35.
Qd8 Rc8 36. Qd7 Rc7 37. Qe6 Qb6+ 38. Kh2 Qb8 39. Nf1 Ra7 40. Ne3 Qb6 41. Nd5 Qd8 42.
Bxd8 1-0

[Event "Early-Titled-Tuesday-Blitz-March-12-2024"]
[Site "Chess.com"]
[Date "2024.03.12"]
[Round "1"]
[White "mikheeva86"]
[Black "Roman_Ovetchkin"]
[Result "0-1"]
[WhiteElo "2104"]
[BlackElo "2598"]
[TimeControl "180+1"]
[EndTime "8:07:23 PDT"]
[Termination "Roman_Ovetchkin won by checkmate"]

1. e4 c6 2. d4 d5 3. exd5 cxd5 4. c4 Nf6 5. Nc3 g6 6. Nf3 Bg7 7.
Bd3 O-O 8. O-O Nc6 9. h3 dxc4 10. Bxc4 Na5 11. Bd3 Be6 12. Bf4 Nd5 13. Be5 Rc8 14. Bxg7 Kxg7 15. Ne4 Bf5 16. Nc5 Bxd3 17. Qxd3 b6 18.
Ne4 Nc4 19. Rab1 Nf4 20. Qd1 Qd5 21. Re1 Rfd8 22. Nc3 Qb7 23. Qb3 Rxd4 24. Nb5 Rd3 25. Qb4 Nd5 26. Qa4 a6 27. Nbd4 b5 28. Qc2 Nf4 29.
b4 Rxd4 30. Rxe7 Qxe7 31. Nxd4 Nxg2 32. Qc3 Qf6 33. Kxg2 Nd6 34. Qd3 Rc4 35. Nf3 Rc3 36. Qe2 Nf5 37. Kg1 Nd4 38. Nxd4 Qxd4 39. Qe1 Rxh3 40. Kg2 Qg4+ 41. Kf1 Rh1# 0-1

[Event "Early-Titled-Tuesday-Blitz-March-12-2024"]
[Site "Chess.com"]
[Date "2024.03.12"]
[Round "1"]
[White "EpicPlayz282"]
[Black "Hamisandwich"]
[Result "0-1"]
[WhiteElo "2335"]
[BlackElo "2708"]
[TimeControl "180+1"]
[EndTime "8:07:26 PDT"]
[Termination "Hamisandwich won on time"]

1. e4 e5 2. Nf3 Nc6 3. Nc3 Be7 4. a3 Nf6 5. d4 exd4 6. Nxd4 O-O 7. Be2 Re8 8. Bf4 d6 9. Nxc6 bxc6 10. e5 dxe5 11. Bxe5 Bd6 12. Bxd6 cxd6 13. O-O d5 14. Bd3 c5 15.
Qf3 c4 16. Bxc4 Bg4 17. Qf4 dxc4 18. Qxc4 Qb6 19. Rab1 Rac8 20. Qf4 Qc7 21. Qa4 Bd7 22. Qh4 Bf5 23. Rbc1 Qc4 24. Qg5 Bg6 25. Qg3 Rb8 26. b3 Qg4 27. Qd6 Qd7 28. Qg3 Qg4 29. Qd6 Red8 30. Qa6 Qc8 31. Qa5 Ne4 32. Nd5 Kh8 33.
Rfd1 Qc5 34. Qxc5 Nxc5 35. b4 Na4 36. c4 Nb2 37. Rd2 Nd3 38. Rc3 Rbc8 39. Ne3 Nf4 40. Rb2 Rd3 41. Rc1 Rxa3 42. g3 Nd3 43. Rd2 Ne5 0-1

[Event "Early-Titled-Tuesday-Blitz-March-12-2024"]
[Site "Chess.com"]
[Date "2024.03.12"]
[Round "1"]
[White "jk13"]
[Black "Veleamater"]
[Result "1-0"]
[WhiteElo "2662"]
[BlackElo "2287"]
[TimeControl "180+1"]
[EndTime "8:07:27 PDT"]
[Termination "jk13 won by resignation"]

1. e4 d6 2. d4 Nc6 3. Nc3 g6 4. Nf3 Bg7 5. h3 Nf6 6. Be2 O-O 7. Be3 e5 8. dxe5 dxe5 9. Bc4 h6 10. O-O Be6 11. Bb3 Nd7 12. Nd5 Kh7 13. Qe2 Rc8 14. Rad1 Qe8 15. Rfe1 Nb6 16. Bc5 Rg8 17. c3 f5 18. Kh2 f4 19. a4 g5 20. Nd2 Nd7 21.
Ba3 h5 22. g4 a6 23. Kg2 Nf6 24. Nxf6+ Bxf6 25. Bxe6 Qxe6 26. Qc4 f3+ 27. Kg3 Qe8 28.
Nxf3 Nd8 29. Qd5 Ne6 30. Qd7+ Rg7 31. Qxe8 Rxe8 32. gxh5 Nf4 33. Kg4 Rf7 34. Bc5 Kh6 35. Be3 Be7 36. Nxe5 Rf6 37. Ng6 Rxg6 38. hxg6 Kxg6 39.
Bxf4 gxf4 40. Kxf4 Bg5+ 41. Kg3 Rf8 42. Rd5 Bf4+ 43.
Kg2 c6 44. Rf5 Rxf5 45. exf5+ Kxf5 46. Kf3 Bd6 47. h4 Bf4 48. h5 Bh6 49. Rg1 Bf4 50.
b3 b5 51. c4 bxc4 52. bxc4 Be5 53. Rg8 1-0

[Event "Early-Titled-Tuesday-Blitz-March-12-2024"]
[Site "Chess.com"]
[Date "2024.03.12"]
[Round "1"]
[White "nickmatta"]
[Black "Sychev_on_YouTube"]
[Result "0-1"]
[WhiteElo "2527"]
[BlackElo "2924"]
[TimeControl "180+1"]
[EndTime "8:07:28 PDT"]
[Termination "Sychev_on_YouTube won by resignation"]

1. Nf3 Nf6 2. c4 g6 3. b3 Bg7 4. Bb2 O-O 5. e3 d6 6. Be2 e5 7. O-O Nbd7 8. Nc3 e4 9. Ng5 Re8 10. d3 exd3 11. Bxd3 Ne5 12. Be2 Bf5 13. Nf3 Ne4 14.
Nd4 Nxc3 15. Bxc3 Bd7 16. Rc1 h5 17. h3 Qh4 18. f4 Nc6 19. Nxc6 Bxc6 20. Bxg7 Kxg7 21.
Qd4+ Qf6 22. Bf3 Bxf3 23. Rxf3 a5 24. f5 g5 25. Rg3 Qxd4 26. exd4 Kf6 27. Rf3 a4 28. b4 a3 29. Rcc3 Ra4 30. Rb3 Re2 31. Rf2 Re4 32. Rd2 Kxf5 33. Rf3+ Rf4 34. Rb3 h4 35. c5 Ke6 36. d5+ Kd7 37. cxd6 Kxd6 38. b5 Rf5 39. Rdd3 Rxd5 40. Rxa3 Rxa3 41. Rxa3 Rxb5 42.
Rf3 f5 43. Rd3+ Rd5 44. Rb3 b5 45. Re3 b4 46. Re8 Ra5 47. Rg8 f4 48. Rd8+ Ke7 49. Rd2 Ra3 50. Kf2 c5 51. Rc2 Kd6 52. Rd2+ Kc6 53. Re2 Kb5 54. Ke1 Re3 55. Rxe3 fxe3 56. Ke2 Ka4 57. Kxe3 Ka3 58. Kd3 0-1

[Event "Early-Titled-Tuesday-Blitz-March-12-2024"]
[Site "Chess.com"]
[Date "2024.03.12"]
[Round "1"]
[White "crazy_m_attack"]
[Black "kpio91"]
[Result "0-1"]
[WhiteElo "2487"]
[BlackElo "2880"]
[TimeControl "180+1"]
[EndTime "8:07:29 PDT"]
[Termination "kpio91 won by resignation"]

1. e4 c5 2. Nf3 d6 3. d4 cxd4 4. Nxd4 Nf6 5. Nc3 a6 6. f3 g6 7.
Be3 Bg7 8. Qd2 h5 9. O-O-O Qc7 10. h4 Nbd7 11. Kb1 b5 12. Be2 Bb7 13. a3 Ne5 14. Qe1 Nc4 15. Bc1 Rc8 16. Rd3 Nd7 17.
Nd5 Bxd5 18. exd5 Nc5 19. Rd1 Qb6 20. Nc6 e6 21. Bxc4 bxc4 22. Nd4 O-O 23. dxe6 fxe6 24. Qb4 Qa7 25. Rhe1 Rfe8 26. Qxc4 d5 27. Qa2 Qb6 28. Be3 Qb7 29. Nb3 Na4 30. Bd4 e5 31. Be3 Kh7 32. Na5 Qb5 33. Bd2 e4 34. Qb3 Nxb2 35. Qxb5 axb5 36.
fxe4 Nxd1 37. Rxd1 dxe4 38. Be3 Rcd8 39. Re1 Bc3 0-1

[Event "Early-Titled-Tuesday-Blitz-March-12-2024"]
[Site "Chess.com"]
[Date "2024.03.12"]
[Round "1"]
[White "temus_galaktionov"]
[Black "theoneandonlydaaevik"]
[Result "1-0"]
[WhiteElo "2893"]
[BlackElo "2506"]
[TimeControl "180+1"]
[EndTime "8:07:33 PDT"]
[Termination "temus_galaktionov won on time"]

1. d4 Nf6 2. Nf3 g6 3. c4 Bg7 4. Nc3 d5 5. cxd5 Nxd5 6. e4 Nxc3 7. bxc3 c5 8. Be3 Qa5 9. Qd2 O-O 10. Rc1 Nd7 11.
Bd3 e5 12. dxe5 Nxe5 13. Nxe5 Bxe5 14. Bc4 Be6 15. Bxe6 fxe6 16. O-O Rad8 17. Qe2 Bxc3 18. Qc4 Bd4 19. Qxe6+ Kh8 20. Bxd4+ cxd4 21. Qb3 Rd7 22.
Rfd1 Qe5 23. f3 Rfd8 24. Rd3 g5 25. Qb4 g4 26. Rc5 Qe7 27. Rb5 Qf7 28. Qb3 Qf4 29.
Rf5 Qc1+ 30. Qd1 Qxd1+ 31. Rxd1 gxf3 32. gxf3 d3 33. Kf2 Kg7 34. Rd2 Rd4 35. Ke3 Ra4 36. Rg5+ Kf6 37. Rb5 b6 38. Rb3 Rc4 39. Rbxd3 Rxd3+ 40. Kxd3 Rc1 41. Ke3 Ke5 42. f4+ Ke6 43. f5+ Kf6 44.
Rd6+ Ke7 45. Rh6 Re1+ 46. Kf4 Re2 47. Ke5 Kf8 48. Rxh7 Rxa2 49. Kf6 Kg8 50. Rb7 b5 51. e5 Rxh2 52. e6 Rh6+ 53. Ke5 Kf8 54. Rxb5 Rh1 55. Rb8+ Ke7 56. Rb7+ Ke8 57. Rxa7 Re1+ 58. Kf6 1-0

[Event "Early-Titled-Tuesday-Blitz-March-12-2024"]
[Site "Chess.com"]
[Date "2024.03.12"]
[Round "1"]
[White "Chessdude1987"]
[Black "DamianoLew95"]
[Result "0-1"]
[WhiteElo "2406"]
[BlackElo "2758"]
[TimeControl "180+1"]
[EndTime "8:07:34 PDT"]
[Termination "DamianoLew95 won on time"]

1. e4 c5 2. Nf3 d6 3. Bc4 e6 4. O-O a6 5. Bb3 Ne7 6. c3 d5 7.
exd5 Nxd5 8. d4 cxd4 9. cxd4 Be7 10. Nc3 Nxc3 11. bxc3 Nd7 12. Re1 O-O 13. Bc2 Nf6 14. Bg5 Re8 15. Qd3 g6 16. Ne5 Nd7 17. Bxe7 Qxe7 18.
Nf3 b5 19. Qe4 Rb8 20. Qf4 Bb7 21. Ng5 Kg7 22. h4 h6 23. Nh3 Qf6 24. Qg3 e5 25.
dxe5 Rxe5 26. Nf4 Kg8 27. Rxe5 Nxe5 28. Nh5 Qc6 29. f3 Qxc3 30. Re1 Kh8 31. Rxe5 Qxc2 32. Re7 Qc5+ 33. Kh2 Qxe7 34. Qxb8+ Kh7 35. Ng3 Qxh4+ 36. Kg1 Qe7 37. Qf4 Kg7 38. Qd2 Bc6 39. Qd4+ Qf6 40. Qc5 Bd7 41. Qe3 Be6 42. Ne4 Qa1+ 0-1

[Event "Early-Titled-Tuesday-Blitz-March-12-2024"]
[Site "Chess.com"]
[Date "2024.03.12"]
[Round "1"]
[White "TregubovP"]
[Black "Witty_Alien"]
[Result "1-0"]
[WhiteElo "2697"]
[BlackElo "2316"]
[TimeControl "180+1"]
[EndTime "8:07:35 PDT"]
[Termination "TregubovP won on time"]

1. e4 c5 2. Nf3 d6 3. d4 cxd4 4. Qxd4 Nc6 5. Qd3 g6 6. Nc3 Bg7 7. Be2 Nf6 8. O-O O-O 9. Nd5 Be6 10. c3 a5 11. Bg5 a4 12. Bxf6 exf6 13. Rad1 f5 14.
exf5 Bxf5 15. Qd2 Ra5 16. Ne3 Be4 17. Qxd6 Qxd6 18. Rxd6 a3 19. b4 Raa8 20. Ng5 Rfe8 21. Nxe4 Rxe4 22. Bf3 Re6 23. Rxe6 fxe6 24. b5 Na5 25. c4 Rc8 26. Rd1 Rc7 27. Rd8+ Kf7 28. b6 Re7 29. c5 Nb3 30. c6 bxc6 31. Bxc6 Nc5 32. Nc4 Bb2 33. Nd6+ Kf6 34. b7 Nxb7 35. Bxb7 Rc7 36. g3 Rc1+ 37. Kg2 Ra1 38. Ne4+ Ke5 39.
Ra8 Rxa2 40. Ra5+ Kd4 41. Nc5 Kc4 42. Nxe6 Ra1 43. Ra8 Kd3 44. Nf4+ Kd2 45. Bd5 Bd4 46. Bg8 g5 47. Rd8 1-0

[Event "Early-Titled-Tuesday-Blitz-March-12-2024"]
[Site "Chess.com"]
[Date "2024.03.12"]
[Round "1"]
[White "Zohid6"]
[Black "elmusmolamas"]
[Result "1-0"]
[WhiteElo "2914"]
[BlackElo "2520"]
[TimeControl "180+1"]
[EndTime "8:07:36 PDT"]
[Termination "Zohid6 won by resignation"]

1. e4 e6 2. d4 d5 3. Nc3 a6 4. Nf3 Nc6 5. Bd3 dxe4 6. Nxe4 Nf6 7. Nxf6+ gxf6 8. O-O Qd5 9. c4 Qh5 10. Be4 f5 11. Bxc6+ bxc6 12. Qa4 Bd7 13. Ne5 Bd6 14. c5 Be7 15. Bf4 Rg8 16. Rfe1 Bg5 17. d5 Bxf4 18. Qxf4 cxd5 19. c6 Bc8 20. Rad1 Qg5 21. Qf3 Kf8 22. Rd4 Rb8 23. b4 a5 24. a3 axb4 25. axb4 Ra8 26. h4 Qe7 27. Qf4 Qf6 28. Rd2 Qg7 29. g3 Qf6 30. b5 Ra3 31. Rb1 h6 32. Re2 Rc3 33. Qb4+ Kg7 34. Qxc3 f4 35. Qd4 fxg3 36. fxg3 Kh8 37. Rb3 Kh7 38. Rf2 Qd8 39. Rxf7+ Rg7 40. Rxg7+ Kxg7 41. Rf3 Qd6 42. Qg4+ Kh8 43. Nf7+ Kh7 44.
Nxd6 1-0

[Event "Early-Titled-Tuesday-Blitz-March-12-2024"]
[Site "Chess.com"]
[Date "2024.03.12"]
[Round "1"]
[White "IwkooO"]
[Black "HanSchut"]
[Result "1-0"]
[WhiteElo "2686"]
[BlackElo "2310"]
[TimeControl "180+1"]
[EndTime "8:07:36 PDT"]
[Termination "IwkooO won by checkmate"]

1. e4 c5 2. Nf3 d6 3. d4 cxd4 4. Nxd4 Nf6 5. Nc3 a6 6. Bg5 e6 7. f4 Be7 8. Qf3 h6 9. Bh4 g5 10. fxg5 Nfd7 11. Qh5 Ne5 12. O-O-O Ng6 13. Bg3 hxg5 14.
Qe2 Nd7 15. Kb1 Qc7 16. Qd2 Nde5 17. Nf3 Bd7 18. Nxg5 b5 19. Nf3 O-O-O 20. a3 Kb8 21. Qe3 Bc6 22. Be2 Rc8 23. Nd4 Bb7 24. Rhf1 Rhf8 25.
Nf3 Nxf3 26. gxf3 Ne5 27. f4 Nc4 28. Bxc4 Qxc4 29. f5 e5 30. Rd3 f6 31. Rfd1 Rfd8 32. Bf2 Rc5 33. b3 Qf7 34. b4 Rc7 35. Qa7+ Kc8 36. Bb6 Rdd7 37. Bxc7 Rxc7 38. Qb6 Qc4 39. R1d2 Bxe4 40. Nxe4 Qxe4 41. Qxa6+ Kd7 42. Qxb5+ Kd8 43.
Rg3 Bf8 44. Kb2 Qxf5 45. Rg8 Ke7 46. Qb8 Rd7 47. Qxf8+ Ke6 48. Qe8+ Re7 49. Qc8+ Kf7 50. Qxf5 Kxg8 51. Qxf6 Rf7 52. Rg2+ Kf8 53. Qd8# 1-0

[Event "Early-Titled-Tuesday-Blitz-March-12-2024"]
[Site "Chess.com"]
[Date "2024.03.12"]
[Round "1"]
[White "Egor_Koshulyan"]
[Black "AccioChess"]
[Result "1-0"]
[WhiteElo "2780"]
[BlackElo "2424"]
[TimeControl "180+1"]
[EndTime "8:07:37 PDT"]
[Termination "Egor_Koshulyan won on time"]

1. f4 c5 2. Nf3 Nc6 3. g3 g6 4. Bg2 Bg7 5. O-O d5 6. d3 Nf6 7.
Nc3 d4 8. Na4 Nd7 9. c4 O-O 10.
e4 dxe3 11. Bxe3 b6 12. d4 Qc7 13. d5 Na5 14. Rc1 Nb7 15. f5 gxf5 16. Bf4 Nd6 17. Nh4 Nf6 18. Bxd6 exd6 19. Nxf5 Bxf5 20. Rxf5 Qe7 21.
Nc3 Qe3+ 22. Kh1 Ng4 23. Rc2 Ne5 24. Rf4 f5 25. Nb5 Bh6 26. Rf1 Rf6 27. Nc7 Raf8 28. Ne6 R8f7 29. Nf4 Bxf4 30. Rxf4 Qd3 31. Rd2 Qe3 32.
Re2 Qd3 33. Rd2 Qe3 34. b3 Ng6 35. Rf3 Qe8 36. Re2 Re7 37. Rff2 f4 38. Rxe7 Qxe7 39. gxf4 Qe3 40. Rf3 Qe7 41. f5 Ne5 42. Rg3+ Kf8 43. Qh5 Rf7 44. h4 Rg7 45. Qh6 Kg8 46. f6 Rxg3 47.
fxe7 1-0

[Event "Early-Titled-Tuesday-Blitz-March-12-2024"]
[Site "Chess.com"]
[Date "2024.03.12"]
[Round "1"]
[White "jumpingknight20"]
[Black "kidagent"]
[Result "1-0"]
[WhiteElo "2682"]
[BlackElo "2309"]
[TimeControl "180+1"]
[EndTime "8:07:37 PDT"]
[Termination "jumpingknight20 won by resignation"]

1. Nf3 d5 2. b3 Bg4 3. Bb2 Nd7 4. d4 e6 5. e3 Ngf6 6. Be2 Bd6 7. Nbd2 O-O 8. O-O Re8 9. c4 c6 10. h3 Bh5 11. Re1 e5 12. dxe5 Nxe5 13. cxd5 cxd5 14.
Nxe5 Bxe5 15. Bxe5 Rxe5 16. Nf3 Re7 17. Rc1 Qd6 18.
Nd4 Bg6 19. Bd3 Ne4 20. Rc2 Rae8 21. Qe2 Qf6 22. Qf3 Qxf3 23. Nxf3 a6 24. Rec1 Nd6 25. Bxg6 hxg6 26. Rc7 Rxc7 27. Rxc7 Rc8 28. Rd7 Rc6 29. Ne5 Rc1+ 30. Kh2 Ne4 31. Rxf7 Rc2 32. f3 Nf6 33. Rxb7 Rxa2 34. Nxg6 Re2 35. Ne7+ Kh7 36. Nf5 Rb2 37. Rxg7+ Kh8 38. Rg6 Ng8 39. Rxa6 Rxb3 40. Rd6 Rb5 41. Rd8 Kh7 42. Rd7+ Kh8 43. Nd4 Rc5 44. g4 Nf6 45. Rf7 Nh7 46. h4 Kg8 47. Rf5 Ra5 48. Kg3 Nf8 49. h5 Kg7 50. g5 Nh7 51. Ne6+ Kg8 52. g6 1-0

[Event "Early-Titled-Tuesday-Blitz-March-12-2024"]
[Site "Chess.com"]
[Date "2024.03.12"]
[Round "1"]
[White "shimastream"]
[Black "Lady_Nika"]
[Result "1-0"]
[WhiteElo "2953"]
[BlackElo "2530"]
[TimeControl "180+1"]
[EndTime "8:07:38 PDT"]
[Termination "shimastream won on time"]

1. Nf3 d5 2. g3 c6 3. Bg2 Nf6 4. O-O g6 5. b3 Bg7 6. Bb2 O-O 7.
c4 Nbd7 8. d4 Ne4 9. e3 e6 10.
Qe2 f5 11. Ne1 Qe7 12. f3 Nd6 13. Nd3 dxc4 14. Ne5 cxb3 15. axb3 Nxe5 16. dxe5 Nb5 17. Nd2 Rd8 18. Nc4 Bd7 19. e4 Be8 20. Qe3 a6 21. h3 Rac8 22. g4 fxe4 23. fxe4 g5 24. Rf6 h6 25. Raf1 Rc7 26. h4 gxh4 27. g5 Qd7 28. gxh6 Bxf6 29. exf6 Qf7 30. Qg5+ Kh7 31. Bh3 Qh5 32. Qf4 Qxh6 33. Bxe6 Qxf4 34. Rxf4 Rd1+ 35.
Kf2 Nd4 36. Bg4 Rb1 37. Bxd4 c5 38. Bf5+ Bg6 39. Rxh4+ Kg8 40. Be5 1-0

[Event "Early-Titled-Tuesday-Blitz-March-12-2024"]
[Site "Chess.com"]
[Date "2024.03.12"]
[Round "1"]
[White "superchthonic"]
[Black "Matols"]
[Result "1-0"]
[WhiteElo "2720"]
[BlackElo "2367"]
[TimeControl "180+1"]
[EndTime "8:07:38 PDT"]
[Termination "superchthonic won by resignation"]

1. Nf3 d5 2. g3 Nf6 3. Bg2 e6 4. O-O Be7 5. d3 O-O 6. Nbd2 c5 7. Re1 Nc6 8. e4 b5 9. a4 b4 10. exd5 exd5 11. Nb3 Bg4 12. h3 Bh5 13. Be3 c4 14. dxc4 dxc4 15. Qxd8 Raxd8 16. Nfd4 Nxd4 17. Nxd4 Bd6 18. Nb5 Bb8 19. Nxa7 Bxa7 20. Bxa7 Rd2 21. a5 Rxc2 22. a6 Rxb2 23. Bd4 c3 24. a7 h6 25.
a8=Q Rxa8 26. Rxa8+ Kh7 27. Rb8 Bg6 28. Bf3 Bd3 29.
Rc1 Ne4 30. Kg2 Nd2 31. Bd5 Be4+ 32. Bxe4+ Nxe4 33. Kf3 Nd2+ 34. Ke3 Nc4+ 35. Kd3 Na3 36.
Be3 Kg6 37. h4 h5 38. Ra1 f6 39. Bc1 Rxf2 40. Bxa3 bxa3 41. Rxa3 Rf3+ 42. Kc4 Rxg3 43. Rxc3 Rg4+ 44. Kd5 Rxh4 45. Rg3+ Rg4 46. Rxg4+ hxg4 47. Ke4 f5+ 48. Kf4 1-0

[Event "Early-Titled-Tuesday-Blitz-March-12-2024"]
[Site "Chess.com"]
[Date "2024.03.12"]
[Round "1"]
[White "norwaytoadog"]
[Black "Susal_De_Silva"]
[Result "0-1"]
[WhiteElo "2321"]
[BlackElo "2704"]
[TimeControl "180+1"]
[EndTime "8:07:38 PDT"]
[Termination "Susal_De_Silva won by checkmate"]

1. e4 e5 2. Nf3 d6 3. d4 exd4 4. Nxd4 Nf6 5. Nc3 Be7 6. g3 O-O 7. Bg2 Re8 8. O-O a5 9. a4 c6 10.
h3 Na6 11. b3 Nc5 12. Bb2 Bf8 13. Re1 g6 14. Qd2 Bg7 15. Rad1 Qb6 16. Kh2 Bd7 17.
Qf4 Rad8 18. Qh4 Bc8 19. f4 Nh5 20. Nf5 Bf6 21. Qg4 Kf8 22. Qf3 Nxe4 23. Nxe4 Bxb2 24.
Nfxd6 Re6 25. Nxc8 Rxc8 26. Ng5 Rxe1 27. Rxe1 Nf6 28. Ne4 Nxe4 29. Qxe4 Bf6 30. h4 Qc5 31. Bf1 Rd8 32. Bc4 Rd2+ 33. Re2 Rd8 34. Kh3 Kg7 35. Qf3 Qg1 36. Qg2 Qc1 37. h5 Rd1 38.
hxg6 hxg6 39. f5 Qh6+ 40. Kg4 Qh5+ 41. Kf4 Qxf5+ 42. Ke3 Bg5# 0-1

[Event "Early-Titled-Tuesday-Blitz-March-12-2024"]
[Site "Chess.com"]
[Date "2024.03.12"]
[Round "1"]
[White "Pikku_Myy73"]
[Black "BilicVladimir"]
[Result "0-1"]
[WhiteElo "2289"]
[BlackElo "2662"]
[TimeControl "180+1"]
[EndTime "8:07:38 PDT"]
[Termination "BilicVladimir won by resignation"]

1. d4 d5 2. c4 c6 3. Nf3 Nf6 4. e3 a6 5. b3 b5 6. Bd3 Bg4 7. h3 Bh5 8. O-O Nbd7 9. Nc3 e6 10. Bb2 Be7 11. a3 O-O 12. e4 dxe4 13. Nxe4 Bg6 14. Qe2 Qb6 15. Bc3 Nxe4 16. Bxe4 Bxe4 17. Qxe4 Nf6 18.
Qe2 Rfd8 19. Ne5 Rac8 20. Rfd1 Qb7 21. b4 bxc4 22. Nxc4 Nd5 23. Bd2 Bf6 24. Be3 Qb5 25. Rac1 Nb6 26. Qc2 Nxc4 27. Qxc4 Qa4 28. Rd3 a5 29. bxa5 Qxa5 30. Qb4 Qxb4 31. axb4 Be7 32. Rdc3 Bxb4 33. Rxc6 Rxc6 34. Rxc6 h6 35. Kf1 Be7 36. Ke2 Bf6 37. Kd3 Ra8 38. Rc3 Ra2 39. Rb3 g5 40. Rb8+ Kg7 41. Rb3 Kg6 42. Ke4 Ra5 43. Kf3 Rd5 44.
Ke4 Rd7 45. Rc3 Bg7 46. Rb3 f5+ 47. Kf3 Bxd4 48. Bxd4 Rxd4 49. Re3 Kf6 50. Ra3 Rb4 51. g3 h5 52. Kg2 h4 53. Rc3 hxg3 54. fxg3 Rb6 55.
Kf3 Rd6 56. h4 gxh4 57. gxh4 e5 58. Kg3 Rb6 59. Kh3 e4 60. Kg3 Rb1 61. Kf4 Rf1+ 62. Kg3 f4+ 63. Kg4 f3 64. h5 Rg1+ 65. Kh3 f2 0-1

[Event "Early-Titled-Tuesday-Blitz-March-12-2024"]
[Site "Chess.com"]
[Date "2024.03.12"]
[Round "1"]
[White "Akhayan"]
[Black "Aygehovit1992"]
[Result "0-1"]
[WhiteElo "2313"]
[BlackElo "2696"]
[TimeControl "180+1"]
[EndTime "8:07:39 PDT"]
[Termination "Aygehovit1992 won by resignation"]

1. e4 c5 2. Nf3 e6 3. d4 cxd4 4. Nxd4 Nc6 5. Nc3 Qc7 6. g3 a6 7. Bg2 Nf6 8. O-O h5 9. Re1 Nxd4 10. Qxd4 Bc5 11. Bf4 Bxd4 12. Bxc7 h4 13. Rad1 Ba7 14.
Na4 h3 15. Bf3 b5 16. e5 Nd5 17. Rxd5 Bb7 18. Rd3 Bxf3 19. Rxf3 bxa4 20. Bd6 Rc8 21. c3 Rc6 22. Rf4 f5 23. Rxa4 g5 24. Rb4 Rh7 25. Rb7 Bc5 26. Rb8+ Kf7 27. Rd1 Bxd6 28. Rxd6 Rxd6 29.
exd6 e5 30. Ra8 Ke6 31. Rxa6 Kd5 32. Kf1 g4 33. Ke2 f4 34. gxf4 exf4 35. Ra4 g3 36.
fxg3 fxg3 37. Rd4+ Kc5 38. Rd1 g2 39. Rg1 Rf7 40. Ke3 Kxd6 41. Ke2 Kc5 42. a4 d5 43. b3 Rf4 44. Ke1 Rf3 45. Ke2 Rxc3 46. a5 Rxb3 47.
a6 Ra3 0-1

[Event "Early-Titled-Tuesday-Blitz-March-12-2024"]
[Site "Chess.com"]
[Date "2024.03.12"]
[Round "1"]
[White "tomobeast"]
[Black "littlepinkyboy"]
[Result "0-1"]
[WhiteElo "2223"]
[BlackElo "2626"]
[TimeControl "180+1"]
[EndTime "8:07:39 PDT"]
[Termination "littlepinkyboy won by resignation"]

1. e4 c5 2. Nf3 e6 3. c4 Nc6 4. Nc3 Nf6 5. Be2 Nd4 6. e5 Nxe2 7.
Qxe2 Nh5 8. d4 cxd4 9. Nxd4 g6 10. O-O Be7 11. Bh6 d6 12. Rad1 dxe5 13. Nxe6 Qa5 14. Ng7+ Nxg7 15. Bxg7 Rg8 16. Bxe5 Be6 17. Nd5 Bd8 18.
b3 g5 19. Bf6 Rg6 20. Bxd8 Rxd8 21. f4 Qc5+ 22. Kh1 gxf4 23. Nxf4 Rxd1 24. Rxd1 Rf6 25. Qe4 Qf5 26. Qxf5 Rxf5 27. Nxe6 fxe6 28. g3 Rf2 29. Rd6 Ke7 30. Rd3 Rxa2 31. Kg1 Rb2 32. Re3 a5 33. c5 Rc2 34. g4 Rxc5 35. Kg2 b5 36. Kf3 a4 37. bxa4 bxa4 38. Re4 Ra5 39. Rb4 a3 40. Rb7+ Kd6 41. Kf4 a2 0-1

[Event "Early-Titled-Tuesday-Blitz-March-12-2024"]
[Site "Chess.com"]
[Date "2024.03.12"]
[Round "1"]
[White "Langusto"]
[Black "kirillshevchenko"]
[Result "1-0"]
[WhiteElo "2518"]
[BlackElo "2875"]
[TimeControl "180+1"]
[EndTime "8:07:40 PDT"]
[Termination "Langusto won on time"]

1. e4 c6 2. d4 d5 3. exd5 cxd5 4.
c4 Nf6 5. Nc3 Be6 6. Bg5 Nc6 7.
a3 g6 8. Bxf6 exf6 9. cxd5 Bxd5 10. Qe2+ Be7 11. Qb5 Be6 12. d5 Bd7 13. dxc6 Bxc6 14.
Qb3 O-O 15. Nf3 Bxf3 16. gxf3 f5 17. Rd1 Bd6 18. Be2 Qb8 19. h4 h5 20. Rg1 Kh7 21.
Nd5 Be5 22. f4 Bxf4 23. Nf6+ Kh6 24. Nd7 Qd8 25. Qb4 Qxh4 26. Nxf8 a5 27. Nxg6 fxg6 28.
Qxb7 Rb8 29. Qc6 Rg8 30. Rd7 Be3 31. Qg2 Bd4 32. b4 axb4 33. axb4 Bc3+ 34. Kf1 Qf4 35. Qd5 Rf8 36. Rd6 Bf6 37. b5 Qc1+ 38. Qd1 1-0